 Dungeon Crawl Stone Soup version 0.25.1-11-g244df3a29b (webtiles) character file.

Game seed: 221564776316066226

38 Acheron the Magician (level 3, -1/24 HPs)
             Began as a Mummy Wizard on Sept 15, 2022.
             Slain by an adder (3 damage)
             ... on level 3 of the Dungeon.
             The game lasted 00:13:45 (1948 turns).

Acheron the Magician (Mummy Wizard)                 Turns: 1948, Time: 00:13:45

Health: -1/24      AC:  2    Str: 10    XL:     3   Next: 25%
Magic:  0/9        EV: 12    Int: 18    God:
Gold:   83         SH:  0    Dex: 10    Spells: 4/11 levels left

rFire    x . .     SeeInvis .   i - +0 mace
rCold    + . .     Gourm    .   (no shield)
rNeg     + + +     Faith    .   a - +0 robe
rPois    ∞         Spirit   .   b - +0 hat
rElec    .         Reflect  .   (no cloak)
rCorr    .         Harm     .   (no gloves)
MR       .....                  (no boots)
Stlth    ++........             (no amulet)
HPRegen  0.08/turn              (no ring)
MPRegen  0.11/turn              (no ring)

@: about to teleport, very slightly contaminated
A: no food or potions, fire vulnerability, cold resistance 1, negative energy
resistance 3, torment resistance, unbreathing
a: no special abilities


You were on level 3 of the Dungeon.
You were not hungry.

You visited 1 branch of the dungeon, and saw 3 of its levels.

You collected 83 gold pieces.

Inventory:

Hand Weapons
 i - a +0 mace (weapon)
Missiles
 c - 63 stones (quivered)
Armour
 a - a +0 robe (worn)
 b - a +0 hat (worn)
 j - a +0 leather armour
Scrolls
 e - 4 scrolls of identify
 g - a scroll of magic mapping {unknown}
 h - a scroll of immolation {unknown}


   Skills:
 * Level 0.2 Fighting
 * Level 1.7 Dodging
 * Level 2.0 Stealth
 * Level 4.9 Spellcasting
 * Level 0.9 Conjurations
 * Level 0.9 Summonings
 + Level 0.7 Translocations


You had 4 spell levels left.
You knew the following spells:

 Your Spells              Type           Power        Failure   Level  Hunger
a - Magic Dart            Conj           #...         9%          1    N/A
b - Blink                 Tloc           N/A          16%         2    N/A
c - Call Imp              Summ           #.......     14%         2    N/A
d - Slow                  Hex            #.......     21%         2    N/A

Your spell library contained the following spells:

 Spells                   Type           Power        Failure   Level  Hunger
 Conjure Flame            Conj/Fire      #.......     32%         3    N/A
 Mephitic Cloud           Conj/Pois/Air  #.......     34%         3    N/A

Dungeon Overview and Level Annotations

Branches:
Dungeon (3/15)

Altars:
Okawaru

Annotations:
D:1 exclusion: downstairs


Innate Abilities, Weirdness & Mutations

You do not eat or drink.
Your flesh is vulnerable to fire.
You are immune to poison.
Your flesh is cold resistant. (rC+)
You are immune to negative energy. (rN+++)
You are immune to unholy pain and torment.
You can survive without breathing.


Message History

Your shadow imp hits the orc.
As you read the scroll labeled KEIHA HAUCVO, it crumbles to dust.
You feel strangely unstable.
It was a scroll of teleportation.
Your crimson imp closely misses the adder.
The adder bites you.
* * * LOW HITPOINT WARNING * * *
Your shadow imp hits the orc.
You hit the adder.
The adder is severely wounded.
The adder closely misses you.
Your crimson imp barely misses the adder.
The orc hits your shadow imp but does no damage.
Your shadow imp hits the orc.
The adder closely misses you.
Your crimson imp hits the adder.
You miss the adder.
The adder is severely wounded.
The adder bites you but does no damage.
Your shadow imp hits the orc.
The orc dies!
Your crimson imp hits the adder.
The adder bites you.
You die...

##.##.##...
..##.###..
#.##......
#########.##.###.#
##....S............
#.....# #.#.......
#. #..####.##.####.
#.##.5....5........
#.@SS.#######.####.
####5....# #.# #.
##.##.# #.# . #.# #
#.. #.. #.# ###.
#.# .. .# ..


You could see 2 adders, a friendly crimson imp (summoned) and a friendly shadow
imp (summoned).

Vanquished Creatures
  An adder (D:2)
  A dart slug (D:2)
  4 bats
  3 goblins (D:1)
  2 hobgoblins (D:1)
  A ball python (D:3)
  2 frilled lizards (D:1)
  2 kobolds (D:1)
  3 rats
19 creatures vanquished.

Vanquished Creatures (collateral kills)
  An adder (D:3)
  2 orcs (D:3)
  A goblin (D:1)
  A hobgoblin (D:3)
5 creatures vanquished.

Grand Total: 24 creatures vanquished

Notes
Turn   | Place    | Note
-------+----------+-------------------------------------------
     0 | D:1      | Acheron the Mummy Wizard began the quest for the Orb.
     0 | D:1      | Reached XP level 1. HP: 13/13 MP: 5/5
   556 | D:1      | Reached XP level 2. HP: 19/19 MP: 4/7
   591 | D:1      | Learned a level 2 spell: Blink
   594 | D:1      | Learned a level 2 spell: Call Imp
   597 | D:1      | Learned a level 2 spell: Slow
  1277 | D:2      | Found an iron altar of Okawaru.
  1583 | D:3      | Reached XP level 3. HP: 24/24 MP: 5/9
  1646 | D:2      | Noticed an ogre
  1909 | D:3      | Noticed an ogre
  1946 | D:3      | HP: 1/24 [adder (4)]
  1948 | D:3      | Slain by an adder

Illustrated notes

Levels and vault maps discovered:
D:1:      minmay_arrival_loop, layout_loops_ring
D:2:      layout_loops_cross, old_standard_altar, first_ration
D:3:      layout_basic, portal_sewer_entry_b, minmay_misc_feat_enclosed,
          uniq_robin

Skill      XL: |  1  2 |
---------------+-------+-----
Stealth        | 2 |  2.0
Fighting       | |  0.2
Dodging        | |  1.7
Spellcasting   | |  4.9
Conjurations   | |  0.9
Summonings     | |  0.9
Translocations | |  0.7

Action                   || total
-------------------------++-------
Melee: Whip              ||    22
       Mace              ||    17
 Cast: Magic Dart        ||    28
       Call Imp          ||    12
  Use: Scroll            ||     4
 Stab: Sleeping          ||     2
Armor: Robe              ||     7
Dodge: Dodged            ||    26
